 Dungeon Crawl Stone Soup version 0.32-a0-314-g526f7d4993 (webtiles) character file.

Game seed: 4600232793636775345

4519 IdlyInterested the Shield-Bearer (level 10, -6/114 HPs)
             Began as a Demonspawn Fighter on Feb 15, 2024.
             Mangled by a two-headed ogre
             ... wielding a +0 giant spiked club
              (10 damage)
             ... on level 7 of the Dungeon.
             The game lasted 00:25:33 (6222 turns).

IdlyInterested the Shield-Bearer (DsFi)             Turns: 6222, Time: 00:25:33

Health: -6/114     AC: 25    Str: 27    XL:     10   Next: 17%
Magic:  0/14       EV:  2    Int:  8    God:
Gold:   370        SH:  6    Dex: 19    Spells: 9/9 levels left

rFire   + . .        f - +10 whip "Fauv" {speed, *Corrode rF+ Str+2 Dex+6}
rCold   + . .        c - +0 buckler
rNeg    + + +        E - melded +2 chain mail
rPois   +            F - melded +2 helmet of the Pits of Slime {rPois}
rElec   .            H - melded scarf {shadows}
rCorr   .            (gloves currently unavailable)
SInv    +            (boots currently unavailable)
Will    .....        (no amulet)
Stlth   ++           l - ring of protection from cold
HPRegen 0.39/turn    G - ring of Jonnire {rN+++ Str+4 SInv Stlth-}
MPRegen 0.28/turn

%: corrode self (3%), guardian spirit
@: tree-form, hasted, very quick
A: stationary, stasis, torment immunity, boosted hp, powered by pain 1, magic
shield, magic regeneration, magic link, (weakness stinger 2)
a: no special abilities


You were on level 7 of the Dungeon.
You were a tree.
You visited 1 branch of the dungeon, and saw 7 of its levels.

You collected 370 gold pieces.

Inventory:

Hand Weapons
 a - a +0 rapier
 f - the +10 whip "Fauv" (weapon) {speed, *Corrode rF+ Str+2 Dex+6}
   (You took it off an orc on level 5 of the Dungeon)

   Str+2:     It affects your strength (+2).
   Dex+6:     It affects your dexterity (+6).
   rF+:       It protects you from fire.
   *Corrode:  It may corrode you when you take damage.
 r - a +0 morningstar
 v - a +4 hand axe
 x - a +0 trident
 J - a +0 long sword
Missiles
 j - 40 stones (quivered)
 n - a throwing net
 p - 8 boomerangs
 u - 8 poisoned darts
Armour
 c - a +0 buckler (worn)
 w - the +2 leather armour of Pathos {^Contam rN+++ Slay+3}
   (You found it on level 7 of the Dungeon)

   Slay+3:    It affects your accuracy & damage with ranged weapons and melee
   (+3).
   rN+++:     It renders you almost immune to negative energy.
   ^Contam:   It causes magical contamination when unequipped.
 E - a +2 chain mail (melded)
 F - the +2 helmet of the Pits of Slime (melded) {rPois}
   (You found it on level 5 of the Dungeon)

   rPois:     It protects you from poison
 H - a scarf of shadows (melded)
Jewellery
 l - a ring of protection from cold (left branch)
 B - a ring of fire
 G - the ring of Jonnire (right branch) {rN+++ Str+4 SInv Stlth-}
   (You found it on level 6 of the Dungeon)

   [ring of see invisible]

   Str+4:     It affects your strength (+4).
   rN+++:     It renders you almost immune to negative energy.
   SInv:      It lets you see invisible.
   Stlth-:    It makes you less stealthy.
Talismans
 s - the flux talisman "Orphy" {rCorr}
   (You found it on level 6 of the Dungeon)

   [flux talisman]

   rCorr:     It protects you from acid and corrosion.
 t - a serpent talisman
Wands
 C - a wand of mindburst (14)
 I - a wand of paralysis (3)
Scrolls
 b - a scroll of enchant armour {unknown}
 g - 3 scrolls of teleportation
 i - a scroll of vulnerability
 k - a scroll of noise {unknown}
 o - 2 scrolls of fog
 q - a scroll of immolation
 y - a scroll of revelation {unknown}
 z - a scroll of torment
 A - a scroll of poison {unknown}
 D - a scroll of blinking {unknown}
Potions
 e - a potion of curing {unknown}
 h - 4 potions of haste
 m - a potion of resistance {unknown}


   Skills:
 - Level 6.0 Fighting
 * Level 3.7 Short Blades
 - Level 2.8(3.6) Axes
 - Level 3.4(4.0) Maces & Flails
 - Level 4.0 Throwing
 - Level 3.0 Armour
 - Level 3.0 Dodging
 - Level 3.0 Stealth
 + Level 6.2 Shields
 - Level 4.0 Unarmed Combat
 - Level 6.0 Invocations
 - Level 3.0 Evocations
 - Level 3.0 Shapeshifting


You had 9 spell levels left.
You didn't know any spells.
Your spell library contained the following spells:

 Spells                   Type           Power      Damage    Failure   Level
 Apportation              Tloc           0%         N/A       45%         1
 Freeze                   Ice            0%         1d3       45%         1
 Necrotise                Necr           0%         1d4       45%         1
 Sandblast                Erth           0%         2d4       45%         1
 Sting                    Conj/Alch      0%         1d3       45%         1
 Summon Small Mammal      Summ           0%         N/A       45%         1
 Call Canine Familiar     Summ           0%         N/A       83%         3
 Frozen Ramparts          Ice            0%         1d1       83%         3
 Hailstorm                Conj/Ice       0%         3d5       83%         3
 Passwall                 Erth           0%         N/A       83%         3
 Stone Arrow              Conj/Erth      0%         3d7       83%         3
 Volatile Blastmotes      Fire/Tloc      0%         2d10      83%         3
 Brom's Barrelling Bould  Conj/Erth      0%         2d3       99%         4
 Fulminant Prism          Conj/Alch      0%         3d5       99%         4
 Iskenderun's Mystic Bla  Conj/Tloc      0%         2d3       99%         4
 Leda's Liquefaction      Alch/Erth      0%         N/A       99%         4
 Petrify                  Alch/Erth      0%         N/A       99%         4
 Summon Blazeheart Golem  Fire/Summ      0%         N/A       99%         4
 Fireball                 Conj/Fire      0%         3d3       100%        5
 Iskenderun's Battlesphe  Conj           0%         2d6       100%        5
 Metabolic Englaciation   Hex/Ice        0%         N/A       100%        5
 Conjure Ball Lightning   Conj/Air       0%         3x3d6     100%        6
 Orb of Destruction       Conj           0%         9d5       100%        7


Dungeon Overview and Level Annotations

Branches:
Dungeon (7/15)
 Temple: D:4-7

Altars:
Ashenzari
Cheibriados
Fedhas
Kikubaaqudgha
Trog
Uskayaw
Beogh


Innate Abilities, Weirdness & Mutations

You are a tree.
Your roots penetrate the ground, keeping you stationary.
You cannot be teleported.
You are immune to unholy pain and torment.
Your maximum health is greatly increased.
Your equipment is partially melded.
You sometimes gain a little power by taking damage.
When hurt, damage is shared between your health and your magic reserves.
You regenerate magic rapidly.
When low on magic, you restore magic in place of health.
((You have a tail ending in a sharp stinger.))


Message History

The +2 helmet of the Pits of Slime {rPois} melds into your body.
Your +2 chain mail melds into your body.
The dungeon's light returns to normal.
Your roots penetrate the ground.
The jelly hits you but does no damage.
Unknown command.
You hit the jelly.
Your branches burn!
The jelly is severely wounded.
You whack the jelly!
You kill the jelly!
You hit the two-headed ogre.
The two-headed ogre is lightly wounded.
You are no longer corroded.
You hit the two-headed ogre.
The two-headed ogre is lightly wounded.
You barely miss the two-headed ogre.
The two-headed ogre is lightly wounded.
The two-headed ogre hits you with a +0 giant spiked club!
* * * LOW HITPOINT WARNING * * *
The two-headed ogre completely misses you.
You barely miss the two-headed ogre.
The two-headed ogre is lightly wounded.
You hit the two-headed ogre.
The two-headed ogre is lightly wounded.
You completely miss the two-headed ogre.
The two-headed ogre is lightly wounded.
The two-headed ogre hits you with a +0 giant spiked club.
* * * LOW HITPOINT WARNING * * *
The two-headed ogre hits you but does no damage.
You whack the two-headed ogre!
The two-headed ogre is moderately wounded.
You barely miss the two-headed ogre.
The two-headed ogre is moderately wounded.
You hit the two-headed ogre.
The two-headed ogre is moderately wounded.
You barely miss the two-headed ogre.
The two-headed ogre is moderately wounded.
The two-headed ogre hits you with a +0 giant spiked club!
* * * LOW HITPOINT WARNING * * *
The two-headed ogre hits you with a +0 giant spiked club!
You die...

♣..P...♣........♣
......♣#♣...#♣.§♣#
..)..≈ ♣..#♣#..≈#
.≈..≈♣ ♣.≈♣#.§.P#
..... ♣≈♣≈..♣.♣#
..... ♣♣≈.....♣
♣....♣♣♣♣
♣..#...♣♣
♣.....)♣♣
♣.≈≈≈≈≈O♣
♣...♣...♣
♣≈.♣.♣.≈♣
♣≈♣...♣≈♣
♣≈..≈...≈♣
♣$......$♣
♣$......$♣
♣♣.....[♣♣


You could see a two-headed ogre.

Vanquished Creatures
  2 two-headed ogres (D:7)
  The ghost of zeratav the Trooper, an amateur OpSh (D:5)
  2 wyverns (D:7)
  Menkaure (D:7)
  Duvessa (D:6)
  3 water moccasins
  3 black bears
  A sky beast (D:7)
  An ice beast (D:7)
  2 ogres
  3 centaurs
  A crocodile (D:7)
  A bullfrog (D:7)
  3 scorpions
  Dowan (D:6)
  2 killer bees (D:7)
  2 hounds
  3 orc priests
  3 jellies (D:7)
  2 sleepcaps (D:7)
  Crazy Yiuf (D:5)
  A gnoll bouda (D:6)
  6 iguanas
  3 orc wizards
  12 gnolls
  6 adders
  A shadow imp (D:7)
  2 white imps
  2 ufetubi (D:5)
  5 dart slugs
  A ribbon worm (D:2)
  24 orcs
  6 endoplasms
  4 giant cockroaches
  7 goblins
  9 hobgoblins
  6 jackals
  7 kobolds
  A quokka (D:2)
  7 ball pythons
  5 bats
  2 frilled lizards (D:1)
  5 rats
161 creatures vanquished.

Notes
Turn   | Place    | Note
-------+----------+-------------------------------------------
     0 | D:1      | IdlyInterested the Demonspawn Fighter began the quest for
                  | the Orb.
     0 | D:1      | Reached XP level 1. HP: 18/18 MP: 1/1
    77 | D:1      | Gained mutation: You regenerate magic rapidly. [demonic
                  | ancestry]
    77 | D:1      | Reached XP level 2. HP: 23/24 MP: 2/2
    93 | D:1      | Reached skill level 1 in Dodging
   110 | D:1      | Reached skill level 1 in Throwing
   296 | D:1      | Reached skill level 1 in Stealth
   301 | D:1      | Gained mutation: You sometimes gain a little power by
                  | taking damage. [demonic ancestry]
   301 | D:1      | Reached XP level 3. HP: 29/29 MP: 3/3
   342 | D:1      | Reached skill level 1 in Evocations
   630 | D:2      | Reached skill level 1 in Shapeshifting
   671 | D:2      | Reached skill level 1 in Unarmed Combat
   679 | D:2      | Reached XP level 4. HP: 32/35 MP: 4/4
   967 | D:2      | Found a faded altar of an unknown god.
  1122 | D:2      | Found a broken altar of Ashenzari.
  1171 | D:2      | You fall into a shaft and drop 1 floor!
  1618 | D:3      | Found an ancient bone altar of Kikubaaqudgha.
  1700 | D:3      | Gained mutation: When hurt, damage is shared between your
                  | health and your magic reserves. [demonic ancestry]
  1700 | D:3      | Reached XP level 5. HP: 24/41 MP: 5/5
  2021 | D:3      | Found a hide-covered altar of Uskayaw.
  2323 | D:4      | Reached XP level 6. HP: 43/47 MP: 6/6
  2354 | D:4      | Found a snail-covered altar of Cheibriados.
  2452 | D:4      | Found a bloodstained altar of Trog.
  2853 | D:4      | Gained mutation: You have a small tail. [demonic ancestry]
  2853 | D:4      | Reached XP level 7. HP: 49/52 MP: 7/7
  2892 | D:4      | Found a blossoming altar of Fedhas.
  3193 | D:5      | Entered Level 5 of the Dungeon
  3209 | D:5      | Found a runed translucent gate.
  3209 | D:5      | Found a runed translucent gate.
  3210 | D:5      | Found a runed translucent gate.
  3212 | D:5      | Noticed zeratav's ghost (amateur OpSh)
  3218 | D:5      | Identified the +10 whip "Fauv" {speed, *Corrode rF+ Str+2
                  | Dex+6}
  4283 | D:5      | Reached skill level 1 in Maces & Flails
  4400 | D:5      | Found a runed translucent door.
  4401 | D:5      | Noticed Crazy Yiuf
  4408 | D:5      | Killed Crazy Yiuf
  4512 | D:5      | Reached skill level 1 in Axes
  4657 | D:5      | Found a roughly hewn altar of Beogh.
  4670 | D:5      | Killed zeratav's ghost
  4671 | D:5      | Gained mutation: When low on magic, you restore magic in
                  | place of health. [demonic ancestry]
  4671 | D:5      | Reached XP level 8. HP: 25/60 MP: 8/8
  4913 | D:5      | Identified the +2 helmet of the Pits of Slime {rPois}
  5032 | D:6      | Identified the ring of Jonnire {rN+++ Str+4 SInv Stlth-}
  5155 | D:6      | Identified the flux talisman "Orphy" {rCorr}
  5227 | D:6      | Reached skill level 5 in Shields
  5545 | D:6      | Noticed Duvessa
  5545 | D:6      | Noticed Dowan
  5555 | D:6      | Killed Duvessa
  5556 | D:6      | Reached skill level 5 in Fighting
  5556 | D:6      | Reached XP level 9. HP: 68/68 MP: 9/9
  5559 | D:6      | Killed Dowan
  5909 | D:7      | Noticed Menkaure
  5922 | D:7      | Killed Menkaure
  6086 | D:7      | Noticed a two-headed ogre
  6096 | D:7      | Killed a two-headed ogre
  6154 | D:7      | Reached skill level 5 in Invocations
  6154 | D:7      | Gained mutation: You have a tail ending in a sharp stinger.
                  | [demonic ancestry]
  6154 | D:7      | Reached XP level 10. HP: 71/76 MP: 13/13
  6162 | D:7      | Identified the +2 leather armour of Pathos {^Contam rN+++
                  | Slay+3}
  6186 | D:7      | Noticed a two-headed ogre
  6186 | D:7      | Noticed a two-headed ogre
  6209 | D:7      | Killed a two-headed ogre
  6222 | D:7      | HP: 4/114 [two-headed ogre/+0 giant spiked club (5)]
  6222 | D:7      | Mangled by a two-headed ogre

Illustrated notes

Levels and vault maps discovered:
D:1:      lemuel_arrival_broad_hall, layout_rooms
D:2:      layout_basic, basic_altar, chequers_ecumenical_altar_simple_redux,
          kennysheep_generic_room_6
D:3:      layout_rooms, nicolae_uskayaw_suspiria, mainiacjoe_overflow_boulevard
D:4:      layout_rooms, kennysheep_slug_shrine, fedhas_altar_decomposition,
          trog_three_pillars_becter
D:5:      layout_loops_corners, biasface_ghost_orc_armoury,
          serial_library_hellmonk_metal_room, uniq_crazy_yiuf_cottage
D:6:      layout_basic, uniq_duvessa
D:7:      regret_index_malice_mire, layout_basic,
          mainiacjoe_overflow_six_doors_small,
          nicolae_gozag_cash_rules_everything_around_me,
          minmay_temple_entry_poolview, uniq_menkaure

Skill      XL: |  1  2  3  4  5  6  7  8  9 10 |
---------------+-------------------------------+-----
Short Blades   | 2 3 |  3.7
Armour         | 3 |  3.0
Dodging        | 1 2 3 |  3.0
Throwing       | 1 2 3 4 |  4.0
Stealth        | 1 2 3 |  3.0
Evocations     | 1 2 3 |  3.0
Shapeshifting  | 1 2 3 |  3.0
Unarmed Combat | 1 2 3 4 |  4.0
Shields        | 3 4 5 6 |  6.2
Maces & Flails | 1 3 |  3.4
Axes           | 2 |  2.8
Fighting       | 5 6 |  6.0
Invocations    | 5 6 |  6.0

Action                     |  1- 3 |  4- 6 |  7- 9 | 10-12 || total
---------------------------+-------+-------+-------+-------++-------
  Melee: Rapier            |   113 |   173 |       |       ||   286
         Hand axe          |       |    85 |   192 |       ||   277
         Tailslap          |       |       |    54 |     2 ||    56
         Whip              |       |       |   165 |    27 ||   192
  Throw: Stone             |       |     2 |     4 |     2 ||     8
         Dart              |       |       |     5 |       ||     5
    Use: Potion            |     2 |     1 |     1 |     2 ||     6
         Scroll            |     1 |       |     4 |       ||     5
 Armour: Scale mail        |    67 |   168 |   109 |       ||   344
         Chain mail        |       |       |    92 |     6 ||    98
         Skin              |       |       |       |     6 ||     6
  Dodge: Dodged            |    55 |   135 |   122 |     3 ||   315
  Block: Buckler           |    38 |    64 |    51 |     2 ||   155

Table legend: (Time is in decaauts)
 A = Elapsed time spent in this place.
 B = Non-inter-level travel time spent in this place.
 C = Inter-level travel time spent in this place.
 D = Time resting spent in this place.
 E = Time spent auto-exploring this place.
 F = Levels seen in this place.
 G = Mean time per level.
                   A        B        C        D        E       F      G
               +--------+--------+--------+--------+--------+-----+--------+
         Total |   6252 |   5810 |    442 |    837 |   3318 |   7 |  893.1 |
       Dungeon |   6252 |   5810 |    442 |    837 |   3318 |   7 |  893.1 |
               +--------+--------+--------+--------+--------+-----+--------+

Top non-repeatable levels by time:
     D:5: 1804 daAuts
     D:4: 1022 daAuts
     D:2: 852 daAuts
     D:6: 761 daAuts
     D:1: 699 daAuts
     D:3: 693 daAuts
     D:7: 418 daAuts
